 Dungeon Sprint DCSS version 0.21-a0-47-g7c8f537 (webtiles) character file.

2473 Kidiri the Grappler (level 9, -2/92 HPs)
             Began as a Troll Monk on June 8, 2017.
             Was a High Priest of Wu Jian.
             Slain by a red devil
             ... wielding a +0 trident
              (20 damage)
             ... in the Dungeon (Sprint VII: "The Pits").
             The game lasted 00:05:50 (922 turns).

Kidiri the Grappler (Troll Monk)                     Turns: 922, Time: 00:05:51

Health: -2/92      AC:  9    Str: 21    XL:     9   Next: 26%
Magic:  8/8        EV: 16    Int:  6    God:    Wu Jian [*****.]
Gold:   0          SH:  0    Dex: 17    Spells: 8/8 levels left

rFire    . . .     SeeInvis .     - Unarmed
rCold    . . .     Gourm    +   (no shield)
rNeg     . . .     Faith    .   t - +0 troll leather armour {Purgy}
rPois    .         Spirit   .   (helmet restricted)
rElec    .         Reflect  .   s - +0 cloak
rCorr    .         Harm     .   (gloves unavailable)
MR       .....     NoTele   +   (boots unavailable)
Stlth    ++++......             (no amulet)
Regen    1.1/turn               (no ring)
MPRegen  0.2/turn               (no ring)

@: lethally poisoned (-2 -> -3)
A: unfitting armour, claws 3, thin skeletal structure 1, blink, fast metabolism
3, gourmand, regeneration 1, shaggy fur 1, tough skin 2
a: Blink, Serpent's Lash, Heavenly Storm, Renounce Religion


You were in the Dungeon.
You worshipped Wu Jian.
Wu Jian was extremely pleased with you.
You were very full.

You visited 1 branch

Inventory:

Armour
 s - a +0 cloak (worn)
 t - a +0 troll leather armour (worn) {Purgy}
Jewellery
 p - a +3 ring of evasion
 q - a +3 ring of intelligence
Scrolls
 h - a scroll of blinking
 j - 3 scrolls of remove curse
 k - 5 scrolls of amnesia
 l - a scroll of summoning
Potions
 c - 11 potions of curing
 d - 5 potions of heal wounds
 e - a potion of haste
 f - 4 potions of magic
 g - 3 potions of berserk rage
 i - 2 potions of invisibility
 r - a potion of resistance
Comestibles
 b - 9 bread rations
 m - 40 fruits
 n - 7 meat rations


   Skills:
 + Level 6.7 Fighting
 + Level 6.1 Armour
 * Level 9.5 Dodging
 * Level 7.0 Stealth
 * Level 11.1 Unarmed Combat


You had 8 spell levels left.
You didn't know any spells.

Dungeon Overview and Level Annotations

Branches:
Dungeon (1/1)

Altars:
Ashenzari
Cheibriados
Dithmenos
Elyvilon
Fedhas
Gozag
Hepliaklqana
Kikubaaqudgha
Makhleb
Nemelex Xobeh
Okawaru
Qazlal
Ru
Sif Muna
Trog
Uskayaw
Vehumet
Wu Jian
Xom
Yredelemnul
Zin
The Shining One
Beogh
Jiyva
Lugonu


Innate Abilities, Weirdness & Mutations

You are too large for most types of armour.
You have claws for hands.
Your metabolism is lightning-fast.
You like to eat raw meat.
Your natural rate of healing is unusually fast.
You are covered in fur. (AC +1)
You have very tough skin. (AC +2)
You have a somewhat thin skeletal structure. (Dex +2, Stealth)
You can translocate small distances at will.


Message History

Unknown command.
You feel much better.
You feel sick.
The vampire mosquito bites you but does no damage.
The sea snake bites you but does no damage.
The vampire mosquito barely misses you. The red devil closely misses you.
An orc priest comes into view. It is wielding a war axe.
You close the large door.
You feel sick.
The vampire mosquito closely misses you.
The sea snake bites you!!
* * * LOW HITPOINT WARNING * * *
The vampire mosquito bites you.
* * * LOW HITPOINT WARNING * * *
The vampire mosquito draws strength from your injuries!
The sea snake closely misses you.
An iguana comes into view.
You feel much better.
You feel sick. The vampire mosquito bites you.
* * * LOW HITPOINT WARNING * * *
The vampire mosquito draws strength from your injuries!
The red devil hits you from afar with a trident!!
You die...

#))#####+#####''######
#))##.......##''########
#))##.......##......+..+
#[[##.......##......+..+
#+###...<...##.....##..##
...##.......##...###....###
...##.......##..##).......##
#####.......##++#{.†#..#...#..
#..###########..@y4.)......'..
#.############++#Sc.#..#...#.W
#.#....#..[[# ##....o...##
#+#....#...[# ###....###
#.+....+..))# ##W.##
#÷#..).#..))# +..l.
+.#....#..))# +..'..
############# ######


You could see a sea snake, a hungry ghost, a red devil, a vampire mosquito, a
centaur, an iguana (wandering) and an orc priest (wandering).

Vanquished Creatures
  An alligator (D)
  A manticore (D)
  An orange demon (D)
  A flying skull (D)
  A spriggan (D)
  2 vampire mosquitoes (D)
  Purgy (D)
  A phantom (D)
  A necrophage (D)
  A bullfrog (D)
  2 quasits (D)
  An orc priest (D)
  An iguana (D)
  A worker ant (D)
  An orc wizard (D)
  2 gnolls (D)
  2 white imps (D)
  An ufetubus (D)
  An ooze (D)
  8 orcs (D)
  A ball python (D)
  A bat skeleton (D)
  A goblin (D)
  4 jackals (D)
  A quokka (D)
  A leopard gecko zombie (D)
  A rat (D)
41 creatures vanquished.

Notes
Turn   | Place    | Note
-------+----------+-------------------------------------------
     0 | D        | Kidiri the Troll Monk began the quest for the Orb.
     0 | D        | Reached XP level 1. HP: 22/22 MP: 0/0
    26 | D        | Found a bloodstained altar of Trog.
    26 | D        | Found a deep blue altar of Sif Muna.
    26 | D        | Found a viscous altar of Jiyva.
    26 | D        | Found a hazy altar of Hepliaklqana.
    26 | D        | Found an opulent altar of Gozag.
    27 | D        | Found a glowing golden altar of the Shining One.
    27 | D        | Found a glowing silver altar of Zin.
    27 | D        | Found a basalt altar of Yredelemnul.
    27 | D        | Found a shimmering altar of Xom.
    27 | D        | Found an ornate altar of the Wu Jian Council.
    27 | D        | Found a sacrificial altar of Ru.
    27 | D        | Found a stormy altar of Qazlal.
    27 | D        | Found an iron altar of Okawaru.
    27 | D        | Found a sparkling altar of Nemelex Xobeh.
    27 | D        | Found a burning altar of Makhleb.
    27 | D        | Found a blossoming altar of Fedhas.
    27 | D        | Found a white marble altar of Elyvilon.
    27 | D        | Found a shadowy altar of Dithmenos.
    27 | D        | Found a snail-covered altar of Cheibriados.
    29 | D        | Found a radiant altar of Vehumet.
    29 | D        | Found a corrupted altar of Lugonu.
    29 | D        | Found a roughly hewn altar of Beogh.
    30 | D        | Found a hide-covered altar of Uskayaw.
    30 | D        | Found an ancient bone altar of Kikubaaqudgha.
    30 | D        | Found a shattered altar of Ashenzari.
    36 | D        | Became a worshipper of the Wu Jian Council
    36 | D        | Reached * piety under Wu Jian
    36 | D        | Reached ** piety under Wu Jian
    88 | D        | Reached skill level 1 in Armour
    88 | D        | Reached XP level 2. HP: 23/29 MP: 1/1
    93 | D        | Reached *** piety under Wu Jian
   111 | D        | Reached skill level 4 in Unarmed Combat
   111 | D        | Reached XP level 3. HP: 20/36 MP: 2/2
   163 | D        | Reached **** piety under Wu Jian
   236 | D        | Reached skill level 5 in Unarmed Combat
   236 | D        | Reached XP level 4. HP: 31/45 MP: 3/3
   246 | D        | HP: 2/45 [orc priest/nerve-wracking pain (7)]
   273 | D        | Reached ***** piety under Wu Jian
   277 | D        | Reached skill level 5 in Dodging
   277 | D        | Reached XP level 5. HP: 32/54 MP: 4/4
   280 | D        | Reached skill level 6 in Unarmed Combat
   514 | D        | Noticed a necrophage
   538 | D        | Killed a necrophage
   538 | D        | Reached XP level 6. HP: 56/61 MP: 5/5
   560 | D        | Noticed an orange demon
   561 | D        | Killed an orange demon
   561 | D        | Reached skill level 5 in Fighting
   561 | D        | Reached skill level 8 in Unarmed Combat
   561 | D        | Reached XP level 7. HP: 71/71 MP: 6/6
   561 | D        | Noticed a flying skull
   561 | D        | Noticed Purgy
   569 | D        | Killed Purgy
   569 | D        | Reached skill level 5 in Stealth
   575 | D        | Killed a flying skull
   575 | D        | Reached skill level 9 in Unarmed Combat
   666 | D        | Noticed a spriggan
   677 | D        | Killed a spriggan
   677 | D        | Reached skill level 5 in Armour
   677 | D        | Reached XP level 8. HP: 54/80 MP: 7/7
   718 | D        | Gained mutation: You have a somewhat thin skeletal structure. (Dex +2, Stealth) [potion of mutation]
   718 | D        | Gained mutation: You can translocate small distances at will. [potion of mutation]
   811 | D        | Noticed an alligator
   811 | D        | Noticed a manticore
   819 | D        | Killed a manticore
   823 | D        | Killed an alligator
   823 | D        | Reached skill level 10 in Unarmed Combat
   823 | D        | Reached XP level 9. HP: 20/91 MP: 8/8
   896 | D        | Noticed a red devil
   897 | D        | Noticed a sea snake
   916 | D        | Reached skill level 11 in Unarmed Combat
   922 | D        | Slain by a red devil

Vault maps used:
D:        pitsprint

Skill      XL: |  1  2  3  4  5  6  7  8  9 |
---------------+----------------------------+-----
Dodging        | 3 4 5 7 9 |  9.5
Armour         | 1 2 3 4 5 6 |  6.1
Stealth        | 2 3 4 5 6 7 |  7.0
Unarmed Combat | 4 5 6 8 9 10 11 | 11.1
Fighting       | 3 4 5 6 |  6.7

Action                   |  1- 3 |  4- 6 |  7- 9 || total
-------------------------+-------+-------+-------++-------
Melee: Unarmed           |    45 |    61 |    67 ||   173
       Punch             |     1 |       |     3 ||     4
Invok: Serpent's Lash    |     1 |     2 |     2 ||     5
       Heavenly Storm    |       |     1 |     2 ||     3
  Use: Potion            |       |     2 |     4 ||     6
 Stab: Sleeping          |       |     2 |     2 ||     4
  Eat: Chunk             |       |    11 |     2 ||    13
Armor: Robe              |    12 |    16 |    11 ||    39
       Troll leather arm |       |       |    17 ||    17
Dodge: Dodged            |    30 |    26 |    50 ||   106
